 Dungeon Crawl Stone Soup version 0.21.1-1-g345015fe64 (webtiles) character file.

74167 YourBoobs the Bludgeoner (level 15, -3/96 HPs)
             Began as a Tengu Monk on July 28, 2018.
             Was the Champion of Nemelex Xobeh.
             Shot with a bolt by a yaktaur captain (26 damage)
             ... on level 15 of the Dungeon.
             The game lasted 02:47:14 (27309 turns).

YourBoobs the Bludgeoner (Tengu Monk)              Turns: 27309, Time: 02:47:15

Health: -3/96      AC: 38    Str: 18    XL:     15   Next: 45%
Magic:  23/23      EV: 11    Int: 23    God:    Nemelex Xobeh [******]
Gold:   1155       SH:  0    Dex: 26    Spells: 5/14 levels left

rFire    + + .     SeeInvis .   T - +9 morningstar (elec)
rCold    . . .     Gourm    .   (no shield)
rNeg     . . .     Faith    .   E - +16 plate armour of Supple Strength {Dex+3}
rPois    .         Spirit   .   (helmet restricted)
rElec    .         Reflect  .   X - scarf {cloud immunity}
rCorr    .         Harm     .   K - +2 pair of gloves
MR       +....                  (boots unavailable)
Stlth    ..........             l - amulet of regeneration
HPRegen  0.66/turn              G - ring of Propriety {Str+4 Int+6}
MPRegen  0.18/turn              q - ring "Waoxin" {rF+ Int+4 Dex+3}

@: lethally poisoned (-3 -> -3), flying quickly and evasively, quick
A: beak, talons 3, thin metallic scales 1, agile 1, fire resistance 1, able to
fly 2
a: Stop Flying, Triple Draw, Deal Four, Stack Five, Renounce Religion


You were on level 15 of the Dungeon.
You worshipped Nemelex Xobeh.
Nemelex Xobeh was exalted by your worship.
You were not hungry.

You visited 2 branches of the dungeon, and saw 21 of its levels.
You also visited: Labyrinth and Sewer.

You collected 1305 gold pieces.
You spent 150 gold pieces at shops.

Inventory:

Hand Weapons
 J - a +8 blowgun
 T - a +9 morningstar of electrocution (weapon)
Missiles
 r - 124 poisoned needles
 R - 3 throwing nets (quivered)
Armour
 E - the +16 plate armour of Supple Strength (worn) {Dex+3}
   (You found it on level 4 of the Dungeon)

   It affects your dexterity (+3).
 K - a +2 pair of gloves (worn)
 X - a scarf of cloud immunity (worn)
Jewellery
 c - an uncursed ring of see invisible
 l - an amulet of regeneration (around neck)
 q - the ring "Waoxin" (right hand) {rF+ Int+4 Dex+3}
   (You found it in a labyrinth)

   [ring of protection from fire]

   It affects your intelligence (+4).
   It affects your dexterity (+3).
   It protects you from fire.
 G - the ring of Propriety (left hand) {Str+4 Int+6}
   (You found it on level 9 of the Dungeon)

   [ring of strength]

   It affects your strength (+4).
   It affects your intelligence (+6).
 W - an uncursed ring of protection from magic
Wands
 t - a wand of random effects (53)
 F - a wand of enslavement (20)
 H - a wand of acid (25)
 I - a wand of disintegration (11)
 U - a wand of iceblast (11)
 Z - a wand of clouds (3)
Scrolls
 f - 2 scrolls of noise {unknown}
 i - 5 scrolls of remove curse
 o - a scroll of immolation
 p - 3 scrolls of fear
 u - 10 scrolls of teleportation
 M - a scroll of summoning
Potions
 e - 4 potions of might
 g - 7 potions of haste
 m - 12 potions of curing
 n - 4 potions of agility
 v - a potion of flight {unknown}
 x - 3 potions of cancellation {unknown}
 z - 2 potions of lignification {unknown}
 A - a potion of mutation
 O - 2 potions of magic {unknown}
 Q - 5 potions of brilliance
 V - a potion of invisibility
Miscellaneous
 a - a legendary deck of destruction
 d - a plain deck of summoning
 h - an ornate deck of summoning
 j - a plain deck of destruction
 k - an ornate deck of summoning {drawn: 7}
 s - an ornate deck of destruction {drawn: 3}
 w - an ornate deck of summoning
 y - a plain deck of escape
 B - a legendary deck of summoning {drawn: 2}
 C - a plain deck of escape
 D - a legendary deck of escape
 L - an ornate deck of summoning
 N - an ornate deck of escape
 P - an ornate deck of summoning
 S - a phial of floods
 Y - an ornate deck of destruction
Comestibles
 b - 42 rations


   Skills:
 * Level 11.8 Fighting
   Level 7.1 Short Blades
 + Level 16.0 Maces & Flails
 + Level 14.6 Armour
 + Level 3.8 Dodging
 - Level 5.3 Stealth
 - Level 3.5 Unarmed Combat
 + Level 9.4 Invocations
 + Level 2.7 Evocations


You had 5 spell levels left.
You knew the following spells:

 Your Spells              Type           Power        Failure   Level  Hunger
a - Mephitic Cloud        Conj/Pois/Air  #.......     100%        3    ####...
b - Magic Dart            Conj           #...         93%         1    ##.....
c - Blink                 Tloc           N/A          98%         2    ###....
d - Conjure Flame         Conj/Fire      #.......     100%        3    ####...


Dungeon Overview and Level Annotations

Branches:
Dungeon (15/15)            Temple (0/1) D:7            Lair (6/6) D:9
 Spider (0/4) Lair:2        Slime (0/5) Lair:5          Orc (0/2) D:12
 Vaults (0/5) D:14
  Swamp: Lair:2-4    Shoals: Lair:2-4    Depths: D:15

Altars:
Ashenzari
Dithmenos
Fedhas
Gozag
Nemelex Xobeh
Okawaru
Trog
Uskayaw
Vehumet
Wu Jian
Xom
Yredelemnul
Zin
Jiyva

Shops:
D:4 *   D:5 *

Annotations:
D:3 Torako's ghost, amateur DgAE
Lair:5 exclusion: 4 oklob plants


Innate Abilities, Weirdness & Mutations

You have a beak for a mouth.
You have claws for feet.
You can fly continuously.
You are partially covered in thin metallic scales. (AC +2)
You are agile. (Dex +2)
Your flesh is heat resistant. (rF+)


Message History

The yaktaur captain is almost dead.
You feel sick.
You bludgeon the yaktaur captain!!
You kill the yaktaur captain!
You feel sick.
You feel sick.
Things that are here:
an uncursed arbalest; 25 bolts You start resting.
You feel sick. x11
A yaktaur captain comes into view.
The yaktaur captain shouts!
The yaktaur captain wields a glowing arbalest.
It bursts into flame!
The yaktaur captain shoots a bolt.
The bolt hits you!!
* * * LOW HITPOINT WARNING * * *
You see here a bolt.
Evoke which item? (* to show all) (? for menu, Esc to quit)
You draw a card...
It is the Pentagram.
The yaktaur captain shoots a bolt.
The bolt hits you!!
You die...
Your body glows with a rainbow of weird colours and disappears.

##..#........
#..(+⌠.G...%⌠
#.#.#.._.._..
#.#.#⌠......⌠
#..(#########
##((# $$# #.R##
..# ####..)##
## #......@#
#.#..3...c.....
#.#...#.#######
#.##.##.#
####.##....#
#....#######
#.#### #.####
#....#


You could see a yaktaur captain, a friendly rakshasa and a friendly ynoxinul.

Vanquished Creatures
  A minotaur (Lab)
  A yaktaur captain (D:15)
  6 hydras
  3 centaur warriors
  A vault guard (D:14)
  3 catoblepae (Lair:6)
  4 two-headed ogres
  An ogre mage (D:13)
  4 death yaks (Lair:6)
  2 tengu warriors (D:15)
  4 unseen horrors
  Pikel (D:8)
  A deep elf mage (D:13)
  3 ugly things
  4 cyclopes
  A wolf spider (D:15)
  3 manticores
  15 elephants
  A torpor snail (Lair:6)
  4 black mambas
  3 centaur skeletons
  11 spiny frogs
  8 komodo dragons
  A kobold demonologist (D:13)
  2 rime drakes
  2 trolls
  A queen bee (D:12)
  2 tengu conjurers (D:13)
  4 meliai
  2 polar bears
  2 hornets
  7 slime creatures
  4 dream sheep (Lair:5)
  16 blink frogs
  4 hippogriffs
  A shadow (D:12)
  A redback (Lair:2)
  46 yaks
  2 wraiths
  2 wyverns
  4 basilisks
  Menkaure (D:5)
  6 vampire mosquitoes (D:13)
  2 two-headed ogre zombies (D:12)
  A soldier ant (shapeshifter) (D:15)
  An acid dragon (D:12)
  2 soldier ants
  9 water moccasins
  10 porcupines
  3 black bears
  5 orc warriors
  2 sky beasts
  A slave (D:8)
  2 necrophages
  6 phantoms
  3 ogres
  13 wolves
  9 centaurs
  12 crocodiles
  12 bullfrogs
  A big kobold (D:11)
  A wyvern skeleton (D:11)
  A troll zombie (D:12)
  4 scorpions
  26 killer bees
  10 wights
  8 crimson imps
  4 bullfrog skeletons
  6 hounds
  Crazy Yiuf (D:7)
  2 gnoll shamans (D:5)
  A jelly (D:12)
  5 orc priests
  8 orc wizards
  6 iguanas
  8 worker ants
  5 ogre zombies (D:12)
  3 hound skeletons
  A worker ant zombie (D:9)
  17 adders
  20 gnolls (D:5)
  4 shadow imps
  2 oozes
  2 adder skeletons
  3 worms
  4 dart slugs
  5 leopard geckos
  32 orcs
  6 bats
  7 giant cockroaches
  8 goblins
  13 hobgoblins
  28 jackals
  3 quokkas
  2 ball pythons
  A ball python skeleton (D:6)
  9 frilled lizards
  3 goblin skeletons (D:12)
  A goblin zombie (D:12)
  2 hobgoblin skeletons (D:12)
  A hobgoblin zombie (D:12)
  A jackal skeleton (D:4)
  17 kobolds
  3 orc skeletons (D:12)
  15 orc zombies (D:12)
  2 quokka skeletons
  2 quokka zombies
  8 rats
  10 plants
620 creatures vanquished.

Vanquished Creatures (collateral kills)
  Nessos (Lair:5)
  Snorg (Lair:5)
  2 hydras (Lair:5)
  A death yak (Lair:6)
  A two-headed ogre (D:8)
  A harpy (Lair:3)
  An orc knight (D:9)
  The ghost of Atelerd the Magician, a novice OpCj (D:4)
  A spiny frog (Lair:5)
  3 komodo dragons
  A blink frog (Lair:3)
  2 hippogriffs
  4 yaks
  A basilisk (Lair:2)
  A water moccasin (Lair:3)
  2 porcupines
  An ice beast (D:8)
  An orc warrior (D:8)
  A phantom (D:9)
  A sky beast (D:7)
  3 wolves (Lair:5)
  2 centaurs
  2 bullfrogs
  10 wights
  5 howler monkeys (D:8)
  A hound (D:8)
  2 orc priests (D:8)
  A gnoll shaman (D:5)
  9 gnolls (D:5)
  An adder (D:8)
  A leopard gecko (D:7)
  An orc (D:7)
  3 jackals (D:7)
69 creatures vanquished.

Vanquished Creatures (others)
  An eldritch tentacle (D:8)
  4 two-headed ogres (D:13)
  2 yaks (Lair:1)
  20 fungi
  33 plants
60 creatures vanquished.

Grand Total: 749 creatures vanquished

Notes
Turn   | Place    | Note
-------+----------+-------------------------------------------
     0 | D:1      | YourBoobs the Tengu Monk began the quest for the Orb.
     0 | D:1      | Reached XP level 1. HP: 14/14 MP: 2/2
   258 | D:1      | Reached XP level 2. HP: 19/19 MP: 3/3
   578 | D:1      | Reached skill level 1 in Short Blades
   780 | D:1      | Reached XP level 3. HP: 19/23 MP: 4/4
  1311 | D:2      | Reached XP level 4. HP: 18/28 MP: 5/5
  1994 | D:3      | Found a glowing drain.
  2020 | D:3      | Noticed Torako's ghost (amateur DgAE)
  2030 | Sewer    | Entered a sewer
  2444 | Sewer    | Gained mutation: You can fly. [Tengu growth]
  2444 | Sewer    | Reached XP level 5. HP: 16/32 MP: 6/6
  3472 | D:3      | Found a shattered altar of Ashenzari.
  3472 | D:3      | Found a glowing silver altar of Zin.
  3472 | D:3      | Found an opulent altar of Gozag.
  3475 | D:3      | Found a bloodstained altar of Trog.
  3510 | D:3      | Noticed a hand axe
  3511 | D:3      | Noticed a hand axe
  3515 | D:3      | Found a hide-covered altar of Uskayaw.
  3618 | D:3      | Found a basalt altar of Yredelemnul.
  3649 | D:3      | Found a faded altar of an unknown god.
  4007 | D:3      | Reached skill level 5 in Stealth
  4081 | D:4      | Reached XP level 6. HP: 26/37 MP: 7/7
  4231 | D:4      | Found a sparkling altar of Nemelex Xobeh.
  4269 | D:4      | Noticed Atelerd's ghost (novice OpCj)
  4680 | D:4      | Became a worshipper of Nemelex Xobeh the Trickster
  4680 | D:4      | Received a gift from Nemelex Xobeh
  4680 | D:4      | Reached * piety under Nemelex Xobeh
  4680 | D:4      | Received a gift from Nemelex Xobeh
  4680 | D:4      | Received a gift from Nemelex Xobeh
  4680 | D:4      | Reached ** piety under Nemelex Xobeh
  4707 | D:4      | Got a slimy plate armour
  4709 | D:4      | Identified the +16 plate armour of Supple Strength {Dex+3} (You found it on level 4 of the Dungeon)
  4768 | D:4      | Reached skill level 1 in Armour
  4811 | D:4      | Found Mupinus's General Store.
  4828 | D:4      | Bought a potion of degeneration for 10 gold pieces
  4828 | D:4      | Bought a scroll of teleportation for 30 gold pieces
  4828 | D:4      | Bought a potion of heal wounds for 50 gold pieces
  4871 | D:4      | Found a blossoming altar of Fedhas.
  4993 | D:4      | Received a gift from Nemelex Xobeh
  5253 | D:4      | Killed Atelerd's ghost
  5253 | D:4      | Reached XP level 7. HP: 27/41 MP: 8/8
  5737 | D:5      | Entered Level 5 of the Dungeon
  5741 | D:5      | Found an iron altar of Okawaru.
  5799 | D:5      | Found a sparkling altar of Nemelex Xobeh.
  6016 | D:5      | You fall through a shaft for 3 floors!
  6189 | D:8      | Noticed a two-headed ogre
  6190 | D:8      | Noticed an insubstantial wisp
  6190 | D:8      | Noticed an insubstantial wisp
  6196 | D:8      | Killed a two-headed ogre
  6196 | D:8      | Reached skill level 5 in Short Blades
  6196 | D:8      | Reached skill level 5 in Armour
  6196 | D:8      | Reached XP level 8. HP: 41/46 MP: 9/9
  6265 | D:8      | Learned a level 3 spell: Mephitic Cloud
  6267 | D:8      | Learned a level 1 spell: Magic Dart
  6270 | D:8      | Learned a level 2 spell: Blink
  6458 | D:8      | Received a gift from Nemelex Xobeh
  6865 | D:7      | Noticed a hippogriff
  6872 | D:7      | Killed a hippogriff
  6917 | D:7      | Reached XP level 9. HP: 46/51 MP: 10/10
  6950 | D:7      | Reached *** piety under Nemelex Xobeh
  6953 | D:7      | Found a basalt altar of Yredelemnul.
  6983 | D:7      | Found a staircase to the Ecumenical Temple.
  7182 | D:7      | Reached skill level 1 in Maces & Flails
  7458 | D:7      | Found a runed door.
  7459 | D:7      | Got a warped mace
  7460 | D:7      | Identified the cursed +1 mace of Sekotwot {flame, Dex+2} (You found it on level 7 of the Dungeon)
  7464 | D:7      | Noticed Crazy Yiuf
  7469 | D:7      | Killed Crazy Yiuf
  7588 | D:6      | Received a gift from Nemelex Xobeh
  7692 | D:6      | Reached skill level 2 in Maces & Flails
  7703 | D:6      | Found an ornate altar of the Wu Jian Council.
  8298 | D:6      | Received a gift from Nemelex Xobeh
  8715 | D:5      | Reached skill level 3 in Maces & Flails
  8895 | D:5      | Reached **** piety under Nemelex Xobeh
  8933 | D:5      | Found a shadowy altar of Dithmenos.
  8984 | D:5      | Noticed Menkaure
  8985 | D:5      | Found Toraam's General Store.
  8992 | D:5      | Killed Menkaure
  9005 | D:5      | Bought a scroll of identify for 22 gold pieces
  9005 | D:5      | Bought a scroll of magic mapping for 38 gold pieces
  9149 | D:5      | Reached skill level 4 in Maces & Flails
  9698 | D:5      | Received a gift from Nemelex Xobeh
  9983 | D:8      | Reached skill level 5 in Maces & Flails
  9983 | D:8      | Reached XP level 10. HP: 38/58 MP: 11/11
 10004 | D:8      | Reached skill level 5 in Fighting
 10004 | D:8      | Reached skill level 10 in Armour
 10319 | D:8      | Noticed Pikel
 10328 | D:8      | Killed Pikel
 10328 | D:8      | Reached skill level 6 in Maces & Flails
 10604 | D:8      | Found a shimmering altar of Xom.
 10945 | D:9      | Noticed a two-headed ogre
 10951 | D:9      | Killed a two-headed ogre
 10951 | D:9      | Reached skill level 7 in Maces & Flails
 11419 | D:9      | Noticed an unseen horror
 11431 | D:9      | Killed an unseen horror
 11431 | D:9      | Reached skill level 1 in Invocations
 11476 | D:9      | Reached skill level 8 in Maces & Flails
 11478 | D:9      | Got a vibrating iron ring
 11485 | D:9      | Noticed an orc knight
 11519 | D:9      | Killed an orc knight
 11823 | D:9      | Identified the ring of Propriety {Str+4 Int+6} (You found it on level 9 of the Dungeon)
 11889 | D:9      | Found a shimmering altar of Xom.
 12094 | D:9      | Reached XP level 11. HP: 66/66 MP: 13/13
 12204 | D:9      | Found a staircase to the Lair.
 12625 | Lair:1   | Entered Level 1 of the Lair of Beasts
 12625 | Lair:1   | Received a gift from Nemelex Xobeh
 12749 | Lair:1   | You fall through a shaft!
 12836 | Lair:2   | Reached skill level 9 in Maces & Flails
 13300 | Lair:3   | Noticed a harpy
 13300 | Lair:3   | a spiny frog changed into a harpy
 13303 | Lair:3   | Killed a harpy
 13809 | Lair:3   | Reached skill level 10 in Maces & Flails
 14144 | Lair:2   | Found a hole to the Spider Nest.
 14145 | Lair:2   | Received a gift from Nemelex Xobeh
 14450 | Lair:2   | Noticed a seven-headed hydra
 14464 | Lair:2   | Killed a seven-headed hydra
 14466 | Lair:2   | Reached XP level 12. HP: 73/73 MP: 16/16
 14780 | Lair:2   | Received a gift from Nemelex Xobeh
 14809 | Lair:2   | Reached ***** piety under Nemelex Xobeh
 15044 | Lair:2   | Received a gift from Nemelex Xobeh
 15228 | Lair:3   | Learned a level 3 spell: Conjure Flame
 15369 | Lair:3   | Reached skill level 11 in Maces & Flails
 15571 | Lair:3   | Got a crude hand axe
 15582 | Lair:3   | Reached skill level 5 in Invocations
 16505 | Lair:1   | Received a gift from Nemelex Xobeh
 17493 | Lair:4   | Received a gift from Nemelex Xobeh
 17522 | Lair:4   | Reached skill level 12 in Maces & Flails
 18684 | Lair:5   | Reached XP level 13. HP: 69/80 MP: 18/18
 18708 | Lair:5   | Received a gift from Nemelex Xobeh
 19126 | Lair:5   | Noticed Nessos
 19133 | Lair:5   | Reached skill level 13 in Maces & Flails
 19145 | Lair:5   | You fall through a shaft!
 19145 | Lair:6   | Entered Level 6 of the Lair of Beasts
 19347 | Lair:6   | Received a gift from Nemelex Xobeh
 19777 | Lair:5   | Noticed Snorg
 19790 | Lair:5   | Killed Snorg
 19806 | Lair:5   | Killed Nessos
 19813 | Lair:5   | Found a viscous altar of Jiyva.
 19814 | Lair:5   | Found a staircase to the Slime Pits.
 19935 | Lair:5   | Received a gift from Nemelex Xobeh
 20324 | Lair:5   | Reached ****** piety under Nemelex Xobeh
 20386 | Lair:5   | Reached skill level 10 in Fighting
 21289 | Lair:6   | Received a gift from Nemelex Xobeh
 21462 | Lair:6   | Reached skill level 14 in Maces & Flails
 21686 | Lair:6   | Gained mutation: You can fly continuously. [Tengu growth]
 21686 | Lair:6   | Reached XP level 14. HP: 85/88 MP: 20/20
 21783 | Lair:6   | HP: 2/88 [yak (7)]
 22452 | Lair:6   | Got a twitching tin ring
 22454 | Lair:6   | Identified the ring "Vaamuaz" {Str-5 Int+2 Dex+4 Stlth+} (You found it on level 6 of the Lair of Beasts)
 22461 | Lair:6   | Identified the cursed +3 hand axe of an ossuary {drain, +Fly} (You found it on level 3 of the Lair of Beasts)
 22777 | D:10     | Entered Level 10 of the Dungeon
 22933 | D:10     | Received a gift from Nemelex Xobeh
 24229 | D:12     | Received a gift from Nemelex Xobeh
 24316 | D:12     | Found a staircase to the Orcish Mines.
 24431 | D:12     | Found a glowing silver altar of Zin.
 24486 | D:12     | Reached skill level 15 in Maces & Flails
 25082 | D:12     | Found a shadowy altar of Dithmenos.
 25196 | D:12     | Received a gift from Nemelex Xobeh
 25600 | D:13     | Reached XP level 15. HP: 95/95 MP: 22/22
 25837 | D:13     | Received a gift from Nemelex Xobeh
 25852 | D:13     | Reached skill level 1 in Evocations
 26253 | D:14     | Found a labyrinth entrance.
 26283 | Lab      | Entered a labyrinth
 26406 | Lab      | Received a gift from Nemelex Xobeh
 26438 | Lab      | Got a pitted zirconium amulet
 26445 | Lab      | Identified the Incunabulum of Hurtful Calling
 26446 | Lab      | Got a scorched lapis lazuli ring
 26451 | Lab      | Identified the amulet "Lualery" {Spirit rPois Str+5 Stlth-} (You took it off a minotaur in a labyrinth)
 26453 | Lab      | Identified the ring "Waoxin" {rF+ Int+4 Dex+3} (You found it in a labyrinth)
 26481 | D:14     | Gained mutation: You are partially covered in thin metallic scales. (AC +2) [potion of mutation]
 26481 | D:14     | Gained mutation: Your flesh is heat resistant. (rF+) [potion of mutation]
 26481 | D:14     | Gained mutation: You are agile. (Dex +2) [potion of mutation]
 26521 | D:14     | Reached skill level 16 in Maces & Flails
 26768 | D:14     | Found a gate to the Vaults.
 26878 | D:14     | Received a gift from Nemelex Xobeh
 27127 | D:15     | Entered Level 15 of the Dungeon
 27260 | D:15     | Found a radiant altar of Vehumet.
 27260 | D:15     | Found an ornate altar of the Wu Jian Council.
 27309 | D:15     | Shot with a bolt by a yaktaur captain

Skill      XL: |  1  2  3  4  5  6  7  8  9 10 11 12 13 14 15 |
---------------+----------------------------------------------+-----
Short Blades   | 1 2 3 4 5 6 7 |  7.1
Stealth        | 3 4 5 |  5.3
Armour         | 3 5 8 9 10 11 12 13 14 | 14.6
Maces & Flails | 5 8 10 12 14 15 16 | 16.0
Fighting       | 4 6 7 9 10 11 | 11.8
Invocations    | 2 4 6 7 9 |  9.4
Evocations     | 2 |  2.7
Dodging        | |  3.8
Unarmed Combat | |  3.5

Action                   |  1- 3 |  4- 6 |  7- 9 | 10-12 | 13-15 || total
-------------------------+-------+-------+-------+-------+-------++-------
Melee: Unarmed           |     6 |       |       |       |       ||     6
       Short sword       |    68 |    33 |       |       |       ||   101
       Kick              |    20 |   121 |    89 |   201 |   367 ||   798
       Peck              |     7 |    78 |    54 |   115 |   217 ||   471
       Dagger            |       |   382 |   109 |       |       ||   491
       Punch             |       |    10 |     3 |     8 |    19 ||    40
       Morningstar       |       |       |   161 |   511 |   840 ||  1512
Throw: Stone             |     1 |       |       |       |       ||     1
 Abil: Fly               |       |     1 |     1 |       |     1 ||     3
Evoke: Deck              |       |     1 |     8 |    16 |    27 ||    52
       Wand              |       |       |       |    15 |    11 ||    26
       Phial of floods   |       |       |       |       |     1 ||     1
  Use: Scroll            |     2 |     4 |     8 |    13 |    14 ||    41
       Potion            |       |       |     1 |     3 |     5 ||     9
 Stab: Sleeping          |     9 |     9 |     5 |       |       ||    23
       Distracted        |     1 |     2 |     1 |     3 |       ||     7
  Eat: Chunk             |     1 |    10 |    12 |    21 |    23 ||    67
       Ration            |       |     1 |     1 |     2 |     1 ||     5
Armor: Robe              |    13 |    14 |       |       |       ||    27
       Leather armour    |       |     5 |    20 |       |       ||    25
       Plate armour      |       |       |   138 |   402 |   658 ||  1198
Dodge: Dodged            |    47 |   119 |   120 |   147 |   377 ||   810
       Deflected         |       |     3 |     4 |     5 |     5 ||    17
